 Dungeon Crawl Stone Soup version 0.19.0-20-gbc5f0c6 (webtiles) character file.

365 Gargoyl the Covered (level 6, 0/48 HPs)
             Began as a Demonspawn Abyssal Knight on Nov 17, 2016.
             Was a Believer of Lugonu.
             Succumbed to a goblin's poison
             ... on level 3 of the Dungeon.
             The game lasted 00:05:11 (3187 turns).

Gargoyl the Covered (Demonspawn Abyssal Knight)     Turns: 3187, Time: 00:05:12

Health: 0/48       AC:  9    Str: 14    XL:     6   Next: 40%
Magic:  9/9        EV:  7    Int: 13    God:    Lugonu [**....]
Gold:   152        SH:  0    Dex: 15    Spells: 0 memorised, 5 levels left

rFire  + . .     SeeInvis .     a - +1 hand axe
rCold  . . .     Gourm    .     t - +0 chain mail
rNeg   . . .     Faith    .     (no shield)
rPois  .         Spirit   .     (helmet restricted)
rElec  .         Reflect  .     (no cloak)
rCorr  .         Harm     .     (no gloves)
MR     .....                    (no boots)
Stlth  ..........               (no amulet)
                                (no ring)
                                (no ring)

@: lethally poisoned (0 -> -1), exhausted, slowed, very slow
A: horns 1, thin skeletal structure 1, fire resistance 1, powered by pain 1
a: Depart the Abyss, Bend Space, Renounce Religion


You were on level 3 of the Dungeon.
You worshipped Lugonu.
Lugonu was pleased with you.
You were hungry.

You visited 1 branch of the dungeon, and saw 3 of its levels.
You visited the Abyss 1 time.

You collected 152 gold pieces.

Inventory:

Hand Weapons
 a - a +1 hand axe (weapon)
Missiles
 k - 6 javelins (quivered)
Armour
 t - a +0 chain mail (worn)
Scrolls
 b - a scroll of teleportation {unknown}
 f - 6 scrolls of identify {unknown}
 g - a scroll of enchant armour {unknown}
 j - a scroll of recharging {unknown}
 l - a scroll of magic mapping {unknown}
 o - 2 scrolls of remove curse {unknown}
 p - a scroll of fog {unknown}
 r - a scroll of enchant weapon {unknown}
 s - a scroll of random uselessness {unknown}
Potions
 h - 2 potions of haste
Miscellaneous
 e - a box of beasts
Comestibles
 c - 4 bread rations
 d - a slice of pizza
 n - a meat ration


   Skills:
 + Level 3.8 Fighting
 + Level 3.3 Axes
 * Level 4.2 Armour
 + Level 1.6 Dodging
 * Level 4.1 Invocations


You had 5 spell levels left.
You didn't know any spells.

Dungeon Overview and Level Annotations

Branches:
Dungeon (3/15)

Altars:
Qazlal


Innate Abilities, Weirdness & Mutations

You have a pair of small horns on your head.
You have a somewhat thin skeletal structure. (Dex +2, Stealth)
Your flesh is heat resistant. (rF+)
You sometimes gain a little power by taking damage.


Message History

You feel your anger subside.
You are no longer berserk.
You are exhausted.
You feel yourself slow down.
* * * LOW HITPOINT WARNING * * *
You feel sick.
You start resting.
* * * LOW HITPOINT WARNING * * *
You feel sick.
You start resting.
You feel sick.
* * * LOW HITPOINT WARNING * * *
You feel sick.
You start resting.
You feel sick. x9
Your transformation is almost over.
You feel sick.
You start resting.
You feel sick.
You feel less woody.
Your +0 chain mail unmelds from your body.
There is a lethal amount of poison in your body!
You die...

# . # #. #. ..# .
#. ###..# .. #..
#...... ..
#..##### .....# ..
#..))).##)....# ..
#..)@)........# ..
...?...).........#
.###.####.#......#
# #.#.##....>
#.#.##.##..
#.#.##.# #
#.#.##.# #......#
#.###.##


There were no monsters in sight!

Vanquished Creatures
  The ghost of Millan the Shield-Bearer, a novice FoFi (D:3)
  Jessica (D:3)
  Robin (D:3)
  An adder (D:2)
  An ooze (D:3)
  A worm (D:2)
  2 dart slugs (D:1)
  A leopard gecko (D:2)
  An orc (D:3)
  8 bats
  16 goblins
  9 hobgoblins
  8 frilled lizards
  8 kobolds
  5 rats
64 creatures vanquished.

Vanquished Creatures (collateral kills)
  A giant cockroach (D:3)
  A kobold (D:3)
2 creatures vanquished.

Vanquished Creatures (others)
  4 starspawn tentacles (Abyss:2)
4 creatures vanquished.

Grand Total: 70 creatures vanquished

Notes
Turn   | Place    | Note
-------+----------+-------------------------------------------
     0 | Abyss:1  | Gargoyl the Demonspawn Abyssal Knight began the quest for the Orb.
     0 | Abyss:1  | Reached XP level 1. HP: 18/18 MP: 2/2
    78 | Abyss:2  | Noticed a tentacled starspawn
    78 | Abyss:2  | Noticed a small abomination
   109 | Abyss:2  | Noticed a starcursed mass
   111 | D:1      | Escaped the Abyss
   319 | D:1      | Gained mutation: You sometimes gain a little power by taking damage. [demonic ancestry]
   319 | D:1      | Reached XP level 2. HP: 14/24 MP: 3/3
   536 | D:1      | Reached skill level 1 in Dodging
   726 | D:1      | Reached * piety under Lugonu
  1184 | D:1      | Reached XP level 3. HP: 21/29 MP: 5/5
  1672 | D:2      | Found a stormy altar of Qazlal.
  2188 | D:2      | Reached ** piety under Lugonu
  2657 | D:3      | Gained mutation: Your flesh is heat resistant. (rF+) [demonic ancestry]
  2657 | D:3      | Reached XP level 4. HP: 12/35 MP: 6/6
  2898 | D:3      | Noticed Jessica
  2900 | D:3      | Noticed Millan's ghost (novice FoFi)
  2926 | D:3      | Killed Millan's ghost
  2926 | D:3      | Gained mutation: You have a somewhat thin skeletal structure. (Dex +2, Stealth) [demonic ancestry]
  2926 | D:3      | Reached XP level 5. HP: 32/42 MP: 7/7
  2926 | D:3      | Gained mutation: You have a pair of small horns on your head. [demonic ancestry]
  2926 | D:3      | Reached XP level 6. HP: 36/48 MP: 8/8
  2933 | D:3      | Killed Jessica
  3147 | D:3      | Noticed Robin
  3160 | D:3      | Killed Robin
  3173 | D:3      | HP: 3/72 [poisoned by a goblin]
  3179 | D:3      | HP: 2/72 [poisoned by a goblin]
  3184 | D:3      | HP: 1/72 [poisoned by a goblin]
  3187 | D:3      | Succumbed to a goblin's poison

Skill      XL: |  1  2  3  4  5  6 |
---------------+-------------------+-----
Armour         | 2 4 |  4.2
Dodging        | 1 |  1.6
Axes           | 2 3 |  3.3
Invocations    | 3 4 |  4.1
Fighting       | |  3.8

Action                   |  1- 3 |  4- 6 || total
-------------------------+-------+-------++-------
Melee: Hand axe          |   150 |    37 ||   187
       Headbutt          |       |     3 ||     3
Invok: Depart the Abyss  |     1 |       ||     1
Evoke: Box of beasts     |       |     1 ||     1
  Use: Potion            |       |     6 ||     6
  Eat: Chunk             |     5 |     2 ||     7
Armor: Ring mail         |    47 |     8 ||    55
       Leather armour    |     8 |       ||     8
       Chain mail        |       |    25 ||    25
       Skin              |       |     2 ||     2
Dodge: Dodged            |    96 |    21 ||   117
